 Dungeon Crawl Stone Soup version 0.25-a0-294-gea9b1ad (webtiles) character file.

Game seed: 56875212771533842, levelgen mode: deterministic

1080 MrTaco21 the Spear-Bearer (level 8, -1/64 HPs)
             Began as a Minotaur Fighter on Dec 17, 2019.
             Slain by a killer bee (7 damage)
             ... on level 8 of the Dungeon.
             The game lasted 00:09:10 (3535 turns).

MrTaco21 the Spear-Bearer (Minotaur Fighter)        Turns: 3535, Time: 00:09:11

Health: -1/64      AC: 12    Str: 24    XL:     8   Next: 8%
Magic:  7/7        EV:  5    Int:  5    God:
Gold:   156        SH:  9    Dex:  9    Spells: 7/7 levels left

rFire    . . .     SeeInvis .   a - +0 trident
rCold    . . .     Gourm    .   c - +0 shield
rNeg     . . .     Faith    .   u - +0 chain mail
rPois    .         Spirit   .   (helmet restricted)
rElec    .         Reflect  .   w - +2 cloak
rCorr    .         Harm     +   (no gloves)
MR       .....                  (no boots)
Stlth    ..........             j - amulet of harm
HPRegen  0.20/turn              (no ring)
MPRegen  0.10/turn              (no ring)

@: lethally poisoned (-1 -> -8)
A: retaliatory headbutt, horns 2
a: no special abilities


You were on level 8 of the Dungeon.
You were not hungry.

You visited 1 branch of the dungeon, and saw 6 of its levels.

You collected 156 gold pieces.

Inventory:

Hand Weapons
 a - a +0 trident (weapon)
Armour
 c - a +0 shield (worn)
 l - a +0 cloak
   (You found it on level 1 of the Dungeon)
 u - a +0 chain mail (worn)
   (You took it off Ijyb on level 3 of the Dungeon)
 w - a +2 cloak (worn)
   (You found it on level 3 of the Dungeon)
 y - a +0 large shield
   (You found it on level 3 of the Dungeon)
Jewellery
 j - an amulet of harm (around neck)
   (You found it on level 2 of the Dungeon)
 p - an uncursed ring of positive energy {unknown}
   (You found it on level 2 of the Dungeon)
 s - an uncursed ring of stealth {unknown}
   (You found it on level 3 of the Dungeon)
Wands
 d - a wand of iceblast (7)
   (You took it off Ijyb on level 3 of the Dungeon)
 v - a wand of digging (4)
   (You found it on level 3 of the Dungeon)
Scrolls
 b - 2 scrolls of remove curse {unknown}
 g - 3 scrolls of teleportation {@r4}
 h - 2 scrolls of amnesia
 i - a scroll of fog {unknown}
 k - 2 scrolls of immolation {unknown}
 q - 2 scrolls of fear {unknown}
 x - a scroll of random uselessness {unknown}
 B - a scroll of blinking {unknown}
 C - 2 scrolls of magic mapping {unknown}
Potions
 f - 4 potions of curing {@q1}
 m - a potion of berserk rage {unknown}
 o - 2 potions of haste {unknown}
 r - a potion of cancellation {unknown}
 t - a potion of might
 z - 2 potions of lignification {unknown}
Comestibles
 e - 4 rations {!d}
 D - 9 chunks of flesh


   Skills:
 - Level 3.6 Fighting
 + Level 11.4 Polearms
 - Level 3.6 Armour
 - Level 3.6 Shields


You had 7 spell levels left.
You didn't know any spells.
Your spell library was empty.

Dungeon Overview and Level Annotations

Branches:
Dungeon (5/15)
 Temple: D:4-7

Altars:
Dithmenos
Gozag
Hepliaklqana
Makhleb
Wu Jian
Yredelemnul
Zin

Shops:
D:4 ?   D:5 }


Innate Abilities, Weirdness & Mutations

You reflexively headbutt those who attack you in melee.
You have a pair of horns on your head.


Message History

You miss the killer bee. You block the killer bee's attack.
The killer bee stings you but does no damage. x2
The killer bee stings you.
* * * LOW HITPOINT WARNING * * *
Your chain mail prevents you from hitting the killer bee.
Your surroundings suddenly seem different.
You feel sick.
A killer bee comes into view.
The killer bee buzzes angrily.
A killer bee comes into view.
The killer bee buzzes angrily.
You hear an angry buzzing noise. x2
A killer bee comes into view.
A bullfrog zombie comes into view.
A killer bee comes into view.
You hear an angry buzzing noise. x2
Found a ration and a falchion.
Found a stone staircase leading up.
The killer bee stings you.
* * * LOW HITPOINT WARNING * * *
You are more poisoned.
The killer bee poisons you! You block the killer bee's attack. x2
The killer bee stings you.
* * * LOW HITPOINT WARNING * * *
A killer bee comes into view. x2
A queen bee comes into view.
You feel sick.
The queen bee buzzes angrily.
The killer bee buzzes angrily.
You hear an angry buzzing noise.
The killer bee barely misses you. You furiously retaliate!
You headbutt the killer bee, but do no damage.
The killer bee stings you but does no damage. x2
Found a ration and 16 gold pieces.
You feel sick.
The killer bee stings you but does no damage. x2
The killer bee stings you.
* * * LOW HITPOINT WARNING * * *
The killer bee stings you but does no damage.
You feel sick. The killer bee stings you.
* * * LOW HITPOINT WARNING * * *
The killer bee stings you.
* * * LOW HITPOINT WARNING * * *
The killer bee stings you but does no damage.
The killer bee stings you.
* * * LOW HITPOINT WARNING * * *
There is a stone staircase leading up here.
Unknown command.
* * * LOW HITPOINT WARNING * * *
You feel sick.
The killer bee stings you but does no damage. x2
The killer bee barely misses you. You furiously retaliate!
You headbutt the killer bee. The killer bee stings you.
You die...

....#.# #y# #y#
####.##.#.%#% #y#
#......Z###y# ##
#.......##y#
#.........#
#........###
#..........#
##.yyyy.......
#..y@y.........
#..............
..............%...
...#).............
.. #.............
. #...$........
#...........
##..........


You could see a queen bee, 7 killer bees and a bullfrog zombie.

Vanquished Creatures
  Pikel (D:4)
  Grinder (D:4)
  4 slaves (D:4)
  A phantom (D:4)
  2 bullfrog skeletons
  2 orc wizards (D:3)
  Ijyb (D:3)
  An iguana (D:5)
  A worker ant (D:5)
  A gnoll (D:1)
  3 adders
  2 oozes
  An adder skeleton (D:5)
  3 worms
  4 leopard geckos
  8 orcs
  A ball python (D:3)
  4 giant cockroaches
  7 goblins
  7 hobgoblins
  12 jackals
  2 quokkas (D:2)
  7 bats
  3 frilled lizards
  11 kobolds
  12 rats
102 creatures vanquished.

Vanquished Creatures (others)
  A bat (D:3)
1 creature vanquished.

Grand Total: 103 creatures vanquished

Notes
Turn   | Place    | Note
-------+----------+-------------------------------------------
     0 | D:1      | MrTaco21 the Minotaur Fighter began the quest for the Orb.
     0 | D:1      | Reached XP level 1. HP: 19/19 MP: 0/0
    38 | D:1      | Reached skill level 3 in Polearms
    38 | D:1      | Reached XP level 2. HP: 22/26 MP: 1/1
   165 | D:1      | Reached skill level 4 in Polearms
   385 | D:1      | Reached XP level 3. HP: 31/31 MP: 2/2
   781 | D:2      | Reached skill level 5 in Polearms
   802 | D:2      | Reached XP level 4. HP: 34/39 MP: 3/3
  1573 | D:3      | Reached skill level 6 in Polearms
  1657 | D:3      | Reached XP level 5. HP: 38/45 MP: 4/4
  1935 | D:3      | Noticed Ijyb
  2182 | D:3      | Killed Ijyb
  2182 | D:3      | Reached skill level 7 in Polearms
  2291 | D:3      | Found a basalt altar of Yredelemnul.
  2501 | D:4      | Noticed Grinder
  2509 | D:4      | Paralysed by Grinder for 2 turns
  2515 | D:4      | Paralysed by Grinder for 3 turns
  2522 | D:4      | Killed Grinder
  2522 | D:4      | Reached skill level 8 in Polearms
  2522 | D:4      | Reached XP level 6. HP: 16/51 MP: 5/5
  2765 | D:4      | Noticed a slave
  2776 | D:4      | Killed a slave
  2779 | D:4      | Found a hazy altar of Hepliaklqana.
  2779 | D:4      | Noticed a slave
  2779 | D:4      | Noticed a slave
  2779 | D:4      | Noticed Pikel
  2782 | D:4      | Noticed a slave
  2837 | D:4      | Reached skill level 9 in Polearms
  2837 | D:4      | Reached XP level 7. HP: 41/57 MP: 6/6
  3020 | D:4      | Killed Pikel
  3020 | D:4      | Reached skill level 11 in Polearms
  3312 | D:4      | Found Eniputim's Magic Scroll Emporium.
  3359 | D:5      | Entered Level 5 of the Dungeon
  3364 | D:5      | Reached XP level 8. HP: 61/64 MP: 7/7
  3377 | D:5      | Found Voilei's Gadget Shop.
  3414 | D:5      | Found a glowing silver altar of Zin.
  3414 | D:5      | Found a burning altar of Makhleb.
  3419 | D:5      | Found an opulent altar of Gozag.
  3421 | D:5      | Found a shadowy altar of Dithmenos.
  3423 | D:5      | Found an ornate altar of the Wu Jian Council.
  3519 | D:5      | You fall into a shaft and drop 3 floors!
  3532 | D:8      | Noticed a queen bee
  3535 | D:8      | Slain by a killer bee

Levels and vault maps discovered:
D:1:      ebering_trefoil_3fold, layout_loops_ring
D:2:      layout_loops_corners, serial_bayou, serial_bayou_pond_a,
          serial_bayou_pond_d, serial_bayou_lagoon_a, serial_bayou_pond_d,
          serial_bayou_pond_c, first_ration, hangedman_decor_clover_reticule
D:3:      layout_rooms, yredelemnul_altar_generic, uniq_ijyb
D:4:      layout_rooms, old_standard_altar, serial_shops, kennysheep_mini,
          uniq_pikel, uniq_grinder
D:5:      layout_basic, chequers_temple_overflow_minitemple, serial_shops,
          nicolae_shop_temple_entry_statues_fountains, cheibriados_altar_1
D:8:      layout_rooms, grunt_qazlal_sundering, david_nohive_1,
          kennysheep_generic_room_9, uniq_psyche, uniq_gastronok

Skill      XL: |  1  2  3  4  5  6  7 |
---------------+----------------------+-----
Polearms       | 3 4 5 6 8 9 11 | 11.4
Fighting       | |  3.6
Armour         | |  3.6
Shields        | |  3.6

Action                   |  1- 3 |  4- 6 |  7- 9 || total
-------------------------+-------+-------+-------++-------
Melee: Trident           |   105 |   175 |    63 ||   343
       Headbutt          |    13 |    15 |     7 ||    35
  Use: Scroll            |       |     4 |     2 ||     6
  Eat: Chunk             |       |     6 |       ||     6
       Ration            |       |       |     1 ||     1
Armor: Scale mail        |    33 |    32 |       ||    65
       Chain mail        |       |    11 |    29 ||    40
Dodge: Dodged            |    23 |    42 |     8 ||    73
Block: Shield            |    32 |    61 |    33 ||   126

Table legend:
 A = Non-vault XP
 B = Vault XP
 C = Vault XP percentage of total XP
 D = Non-vault monster count
 E = Vault monster count
 F = Vault count percentage of total count
                 A         B        C        D         E       F
            +---------+---------+-------+---------+---------+-------
      Total |     577 |     966 |  62.6 |      95 |       3 |   3.1
            +---------+---------+-------+---------+---------+-------
        D:1 |      67 |       0 |   0.0 |      31 |       0 |   0.0
        D:2 |      79 |       0 |   0.0 |      33 |       0 |   0.0
        D:3 |     137 |      36 |  20.8 |      22 |       1 |   4.3
        D:4 |     175 |     930 |  84.2 |       3 |       2 |  40.0
        D:5 |     119 |       0 |   0.0 |       6 |       0 |   0.0
            +---------+---------+-------+---------+---------+-------
